 Dungeon Crawl Stone Soup version 0.20.1-1-g8b1a95d (webtiles) character file.

402 gobwax the Cleaver (level 6, -1/76 HPs)
             Began as a Hill Orc Fighter on July 18, 2017.
             Was a Follower of Beogh.
             Killed by nerve-wracking pain
             ... invoked by an orc priest
              (5 damage)
             ... on level 5 of the Dungeon.
             The game lasted 00:12:10 (3072 turns).

gobwax the Cleaver (Hill Orc Fighter)               Turns: 3072, Time: 00:12:11

Health: -1/76      AC:  8    Str: 30    XL:     6   Next: 85%
Magic:  6/6        EV: 10    Int:  8    God:    Beogh [*.....]
Gold:   211        SH:  0    Dex: 10    Spells: 4/5 levels left

rFire    . . .     SeeInvis .   a - +0 war axe
rCold    . . .     Gourm    .   (no shield)
rNeg     + . .     Faith    .   b - +0 scale mail
rPois    .         Spirit   .   (no helmet)
rElec    .         Reflect  .   (no cloak)
rCorr    .         Harm     .   B - +0 pair of gloves
MR       .....                  (no boots)
Stlth    ..........             r - amulet of rage
Regen    0.3/turn               C - ring "Cuqireq" {rN+ Str+4}
MPRegen  0.1/turn               (no ring)

@: berserking, lethally poisoned (-1 -> -12), very quick
A: no striking features
a: Renounce Religion, Evoke Berserk Rage


You were on level 5 of the Dungeon.
You worshipped Beogh.
Beogh was aware of your devotion.
You were very hungry.

You visited 1 branch of the dungeon, and saw 5 of its levels.

You collected 211 gold pieces.

Inventory:

Hand Weapons
 a - a +0 war axe (weapon)
Missiles
 w - 4 tomahawks of returning (quivered)
 A - a throwing net
Armour
 b - a +0 scale mail (worn)
 c - a +0 shield
 B - a +0 pair of gloves (worn)
Jewellery
 r - an amulet of rage (around neck)
 C - the ring "Cuqireq" (left hand) {rN+ Str+4}
   (You found it on level 4 of the Dungeon)

   [ring of positive energy]

   It affects your strength (+4).
   It protects you from negative energy.
Wands
 E - a wand of polymorph (1/24)
Scrolls
 g - a scroll of blinking {unknown}
 h - 2 scrolls of immolation {unknown}
 l - a scroll of teleportation {unknown}
 m - 2 scrolls of identify {unknown}
 n - a scroll of amnesia {unknown}
 o - a scroll of enchant armour {unknown}
 t - 2 scrolls of recharging {unknown}
 v - a scroll of magic mapping {unknown}
 x - a scroll of enchant weapon {unknown}
Potions
 d - 2 potions of might
 j - a potion of invisibility {unknown}
 p - a potion of degeneration {unknown}
 s - a potion of berserk rage {unknown}
 u - a potion of haste {unknown}
 z - a potion of cancellation {unknown}
 D - a potion of brilliance {unknown}
Books
 y - a book of Misfortune

   Spells                             Type                      Level
   a - Confusing Touch                Hexes                        1
   b - Confuse                        Hexes                        3
   c - Gell's Gravitas                Translocation                3
   d - Petrify                        Transmutation/Earth          4
   e - Metabolic Englaciation         Hexes/Ice                    5
   f - Yara's Violent Unravelling     Hexes/Transmutation          5
Comestibles
 f - 2 bread rations
 i - 2 fruits
 k - 4 meat rations
 q - 2 royal jellies
 F - a chunk of flesh


   Skills:
 - Level 3.6 Fighting
 * Level 9.2 Axes
 - Level 3.2 Armour
 - Level 3.2 Shields
 + Level 0.2 Hexes
 + Level 0.2 Evocations


You had 4 spell levels left.
You knew the following spells:

 Your Spells              Type           Power        Failure   Level  Hunger
a - Confusing Touch       Hex            #.....       63%         1    ##.....


Dungeon Overview and Level Annotations

Branches:
Dungeon (5/15)             Temple (0/1) D:4

Altars:
Ashenzari
Cheibriados
Hepliaklqana
Trog

Annotations:
D:5 Grinder


Message History

* * * LOW HITPOINT WARNING * * *
You feel sick. The orc priest closely misses you. Something hits you.
* * * LOW HITPOINT WARNING * * *
You barely miss the orc priest. x2; You hit something.
* * * LOW HITPOINT WARNING * * *
You feel sick. Something hits you but does no damage.
The orc priest begins to cast a cantrip, but forgets the words!
The orc priest calls down the wrath of Beogh upon you.
Pain shoots through your body!
* * * LOW HITPOINT WARNING * * *
You hit the orc priest.
The orc priest is moderately wounded.
You miss something. You hit the orc priest.
* * * LOW HITPOINT WARNING * * *
You feel sick. Something hits you.
* * * LOW HITPOINT WARNING * * *
The orc priest mumbles some strange prayers to Beogh against you.
Pain shoots through your body!
You die...
Beogh appreciates the orc priest's killing of a heretic priest.

..$....
.....o.
....... ####
..o.Y ....#
.o.####... ###
#..#... ..###
#.#.### #...#
###.5.oo#
###.#
####...###@###
#.###....###
#.).#
#.....####
###.....#
###....#
###...
#...##..# ..
....### #.#
.### ># .. ..


You could see Grinder and 2 orc priests.

Vanquished Creatures
  A water moccasin (D:5)
  A wight (D:5)
  A hound (D:4)
  An orc priest (D:4)
  An orc wizard (D:4)
  A worker ant (D:5)
  Robin (D:2)
  An adder (D:3)
  2 oozes
  2 worms (D:2)
  2 dart slugs (D:1)
  A leopard gecko (D:1)
  12 orcs
  6 giant cockroaches (D:2)
  13 goblins
  9 hobgoblins
  2 jackals (D:2)
  8 kobolds
  4 quokkas
  A ball python (D:2)
  9 bats
  5 frilled lizards
  2 jackal skeletons
  A leopard gecko skeleton (D:4)
  9 rats
96 creatures vanquished.

Vanquished Creatures (others)
  A goblin (D:3)
  A frilled lizard (D:3)
2 creatures vanquished.

Grand Total: 98 creatures vanquished

Notes
Turn   | Place    | Note
-------+----------+-------------------------------------------
     0 | D:1      | gobwax the Hill Orc Fighter began the quest for the Orb.
     0 | D:1      | Reached XP level 1. HP: 19/19 MP: 1/1
    50 | D:1      | Reached skill level 3 in Axes
   207 | D:1      | Reached XP level 2. HP: 24/26 MP: 2/2
   315 | D:1      | Reached skill level 4 in Axes
   388 | D:1      | Reached XP level 3. HP: 31/31 MP: 3/3
   879 | D:2      | Reached skill level 5 in Axes
   958 | D:2      | Noticed Robin
   976 | D:2      | Reached XP level 4. HP: 22/39 MP: 4/4
  1002 | D:2      | Killed Robin
  1004 | D:2      | Reached skill level 6 in Axes
  1270 | D:2      | Found a bloodstained altar of Trog.
  1680 | D:3      | Became a worshipper of Beogh the Brigand
  1875 | D:3      | Learned a level 1 spell: Confusing Touch
  1954 | D:3      | Found a shattered altar of Ashenzari.
  2292 | D:4      | Got a vibrating lapis lazuli ring
  2293 | D:4      | Identified the ring "Cuqireq" {rN+ Str+4} (You found it on level 4 of the Dungeon)
  2305 | D:4      | Found a staircase to the Ecumenical Temple.
  2333 | D:4      | Reached XP level 5. HP: 36/45 MP: 5/5
  2367 | D:4      | Reached skill level 7 in Axes
  2754 | D:4      | Found a hazy altar of Hepliaklqana.
  2755 | D:4      | Found a snail-covered altar of Cheibriados.
  2844 | D:5      | Entered Level 5 of the Dungeon
  2860 | D:5      | Noticed a centaur
  2861 | D:5      | a centaur changed into a worker ant
  2868 | D:5      | Reached skill level 8 in Axes
  2868 | D:5      | Reached XP level 6. HP: 38/51 MP: 6/6
  3034 | D:5      | Noticed Grinder
  3035 | D:5      | Noticed an ice beast
  3045 | D:5      | Reached * piety under Beogh
  3051 | D:5      | Noticed a water moccasin
  3051 | D:5      | an ice beast changed into a water moccasin
  3069 | D:5      | Killed a water moccasin
  3069 | D:5      | Reached skill level 9 in Axes
  3072 | D:5      | Killed from afar by an orc priest

Skill      XL: |  1  2  3  4  5  6 |
---------------+-------------------+-----
Axes           | 3 4 5 6 8 9 |  9.2
Fighting       | |  3.6
Armour         | |  3.2
Shields        | |  3.2
Hexes          | |  0.2
Evocations     | |  0.2

Action                   |  1- 3 |  4- 6 || total
-------------------------+-------+-------++-------
Melee: War axe           |   135 |   151 ||   286
Throw: Tomahawk          |       |     2 ||     2
 Cast: Confusing Touch   |       |     1 ||     1
Invok: Convert to Beogh  |       |     1 ||     1
 Abil: Evoke Berserk Rag |       |     1 ||     1
Evoke: Wand              |       |     2 ||     2
  Use: Potion            |     1 |     2 ||     3
  Eat: Chunk             |       |     7 ||     7
Armor: Scale mail        |    81 |    59 ||   140
Dodge: Dodged            |    53 |    70 ||   123
Block: Shield            |    86 |    32 ||   118
